 Dungeon Crawl Stone Soup version 0.19-a0-958-gd69d43c (webtiles) character file.

75 Ijustatesigmund the Skirmisher (level 4, -13/37 HPs)
             Began as a Demonspawn Fighter on July 11, 2016.
             Mangled by Pikel
             ... wielding a +2 whip of electrocution
              (18 damage)
             ... on level 4 of the Dungeon.
             The game lasted 00:05:11 (1797 turns).

Ijustatesigmund the Skirmisher (Demonspawn Fighter) Turns: 1797, Time: 00:05:12

Health: -13/37     AC:  9    Str: 21    XL:     4   Next: 11%
Magic:  4/4        EV:  8    Int: 14    God:
Gold:   98         SH:  9    Dex: 16    Spells: 0 memorised, 3 levels left

rFire  . . .     SeeInvis .     a - +1 long sword
rCold  . . .     Gourm    .     b - +0 scale mail
rNeg   . . .     Faith    .     c - +0 shield
rPois  .         Spirit   .     n - +1 hat
rElec  .         Dismiss  .     q - +1 cloak
rCorr  .         Reflect  .     (no gloves)
SustAt .         Harm     .     (no boots)
MR     .....                    (no amulet)
Stlth  ++........               (no ring)
                                (no ring)

@: mighty, brilliant, not resistant to hostile enchantments, unstealthy
A: thin skeletal structure 1, nightstalker 1
a: no special abilities


You were on level 4 of the Dungeon.
You were very hungry.

You visited 1 branch of the dungeon, and saw 4 of its levels.

You collected 98 gold pieces.

Inventory:

Hand Weapons
 a - a +1 long sword (weapon)
Armour
 b - a +0 scale mail (worn)
 c - a +0 shield (worn)
 n - a +1 hat (worn)
 q - a +1 cloak (worn)
Scrolls
 g - a scroll of enchant weapon
 l - a scroll of teleportation
 p - 2 scrolls of magic mapping
Potions
 d - 2 potions of might
 e - a potion of brilliance
 i - a potion of lignification {unknown}
 k - a potion of berserk rage {unknown}
Comestibles
 f - 2 bread rations
 h - a meat ration
 m - a beef jerky


   Skills:
 + Level 3.9 Fighting
 + Level 2.6 Long Blades
 - Level 2.6 Armour
 + Level 1.5 Dodging
 + Level 0.0 Stealth
 - Level 2.6 Shields


You had 3 spell levels left.
You didn't know any spells.

Dungeon Overview and Level Annotations

Branches:
Dungeon (4/15)
 Temple: D:4-7

Altars:
Gozag

Annotations:
D:4 Pikel


Innate Abilities, Weirdness & Mutations

You have a somewhat thin skeletal structure. (Dex +2, Stealth)
You are slightly more attuned to the shadows.


Message History

Pikel is heavily wounded.
Pikel hits you with a whip of electrocution.
* * * LOW HITPOINT WARNING * * *
It was a potion of brilliance.
You feel clever all of a sudden. Pikel hits you but does no damage.
You are feeling very hungry.
You closely miss Pikel.
Pikel is heavily wounded.
Pikel hits you but does no damage. x2
Your shield prevents you from hitting Pikel.
Pikel is heavily wounded.
Pikel hits you with a whip of electrocution.
* * * LOW HITPOINT WARNING * * *
You slash Pikel!
Pikel is severely wounded.
Pikel hits you with a whip of electrocution.
* * * LOW HITPOINT WARNING * * *
You are electrocuted!
You die...

#.......
#.......
#......
##......
p.pK...######
..../......$.
#.######
#...pK@#
#..#####
.......#
.......#
########


You could see Pikel and a slave.

Vanquished Creatures
  An adder (D:2)
  An ooze (D:1)
  A worm (D:2)
  A giant gecko (D:1)
  6 bats
  A giant cockroach (D:3)
  9 goblins
  4 hobgoblins
  10 jackals
  2 ball pythons
  5 giant newts
  6 kobolds
  4 rats
51 creatures vanquished.

Notes
Turn   | Place    | Note
-------+----------+-------------------------------------------
     0 | D:1      | Ijustatesigmund the Demonspawn Fighter began the quest for the Orb.
     0 | D:1      | Reached XP level 1. HP: 18/18 MP: 1/1
   328 | D:1      | Reached skill level 1 in Dodging
   334 | D:1      | Gained mutation: You have a somewhat thin skeletal structure. (Dex +2, Stealth) [demonic ancestry]
   334 | D:1      | Reached XP level 2. HP: 21/24 MP: 2/2
   696 | D:1      | Reached XP level 3. HP: 29/29 MP: 3/3
  1131 | D:2      | Found an opulent altar of Gozag.
  1411 | D:2      | Gained mutation: You are slightly more attuned to the shadows. [demonic ancestry]
  1411 | D:2      | Reached XP level 4. HP: 28/37 MP: 4/4
  1494 | D:2      | You fall through a shaft!
  1777 | D:4      | Noticed Pikel
  1778 | D:4      | Noticed a slave
  1780 | D:4      | Noticed a slave
  1797 | D:4      | Mangled by Pikel

Vault maps used:
D:1:      dpeg_arrival_oval, minmay_cupped
D:2:      lemuel_coloured_pillars_altar, first_bread, uniq_robin
D:4:      ashenzari_altar_1, serial_shops, nicolae_shop_trees, shop,
          shop_statue, nicolae_shop_behind_doors, shop,
          minmay_misc_feat_pillars, minmay_misc_feat_hallway, uniq_pikel

Skill      XL: |  1  2 |
---------------+-------+-----
Dodging        | 1 |  1.5
Long Blades    | 2 |  2.6
Fighting       | |  3.9
Armour         | |  2.6
Shields        | |  2.6

Action                   |  1- 3 |  4- 6 || total
-------------------------+-------+-------++-------
Melee: Long sword        |   122 |    20 ||   142
  Use: Scroll            |     5 |     4 ||     9
       Potion            |       |     4 ||     4
  Eat: Chunk             |     1 |     1 ||     2
Armor: Scale mail        |    65 |     8 ||    73
Dodge: Dodged            |    38 |     3 ||    41
Block: Shield            |    47 |     4 ||    51
